Map: Proxima Station LE

Players

Musumeci

  • Race: Zerg Zerg
  • League: Diamond
  • Spawn Location: 7:00

aFFSqualeD - Winner!

  • Race: Zerg Zerg
  • League: Diamond
  • Spawn Location: 1:00

VOD

Have the link to the VOD?

Description

Time

  • Played on: April 3, 2017, 2:48 p.m.
  • Length: 16:51
Show
View Real Time Build Order
Export as new Build Order

Musumeci Zerg 

Build Orders: Hatch First, Muta Ling Bane 

Get SALT Encoding   

  12  0:04  Drone  
  13  0:12  Overlord  
  13  0:19  Drone  
  14  0:28  Drone, Extractor  
  14  0:30  Drone  
  16  0:36  Drone  
  17  0:56  Hatchery  
  16  0:59  Drone  
  17  1:12  Spawning Pool  
  17  1:14  Extractor  
  17  1:15  Drone  
  16  1:20  Drone  
  16  1:23  Drone  
  18  1:30  Drone  
  19  1:40  Overlord  
  19  1:54  Drone  
  20  1:58  Queen  
  22  2:02  Zergling x2  
  22  2:07  Queen  
  25  2:08  Drone  
  25  2:14  Metabolic Boost  
  26  2:21  Drone  
  26  2:22  Drone  
  28  2:24  Drone  
  28  2:29  Drone  
  30  2:34  Drone  
  31  2:37  Baneling Nest  
  31  2:43  Queen  
  32  2:48  Drone  
  33  2:59  Zergling x2  
  33  3:00  Zergling x4  
  35  3:20  Baneling x2  
  35  3:21  Baneling  
  35  3:28  Hatchery, Zergling x2  
  35  3:29  Overlord  
  35  3:30  Overlord  
  35  3:44  Drone  
  35  3:46  Overlord  
  36  3:58  Baneling x2  
  32  4:27  Zergling x6  
  35  4:39  Zergling x4  
  35  4:43  Extractor, Roach Warren  
  35  4:44  Drone x4  
  35  4:45  Drone x6, Extractor  
  45  4:48  Baneling x2, Extractor  
  45  4:50  Drone  
  45  4:51  Drone  
  45  4:57  Lair  
  45  5:00  Drone x4  
  45  5:01  Evolution Chamber  
  49  5:09  Drone x2  
  49  5:10  Drone  
  52  5:17  Baneling x3  
  51  5:23  Queen  
  51  5:27  Drone x9  
  59  5:30  Zergling x4  
  59  5:31  Zergling x2  
  60  5:44  Extractor  
  60  5:47  Zerg Missile Weapons Level 1  
  61  5:57  Roach x3  
  61  6:00  Extractor x2  
  63  6:05  Drone x2  
  63  6:06  Spire  
  63  6:07  Drone  
  64  6:13  Drone  
  64  6:15  Overlord x4  
  65  6:38  Overlord  
  69  6:40  Roach x4  
  73  6:52  Overseer  
  73  7:05  Drone  
  73  7:06  Spine Crawler, Drone x5  
  73  7:07  Spine Crawler  
  77  7:09  Spine Crawler  
  76  7:19  Mutalisk x9  
  94  7:32  Baneling x4  
  94  7:34  Centrifical Hooks  
  94  7:45  Mutalisk x2  
  94  7:48  Zerg Flyer Weapons Level 1  
  98  7:51  Drone  
  98  7:52  Drone x6  
  98  7:54  Baneling  
  98  7:55  Baneling x4  
  103  8:44  Mutalisk x2  
  103  8:45  Mutalisk  
  94  9:11  Mutalisk  
  94  9:12  Mutalisk x7  
  94  9:16  Overlord x4  
  94  9:17  Overlord  
  106  9:26  Overlord x7  
  106  9:35  Zergling x2  
  106  9:36  Zergling x2  
  104  10:09  Zerg Flyer Armor Level 1, Mutalisk  
  104  10:10  Mutalisk x8  
  122  10:17  Zergling x10  
  122  10:19  Baneling x4  
  127  10:26  Hatchery, Extractor  
  127  10:27  Extractor  
  118  10:45  Mutalisk x2  
  118  10:46  Mutalisk x3  
  120  11:02  Mutalisk x3  
  120  11:16  Baneling x6  
  120  11:17  Baneling x4  
  114  11:34  Mutalisk x2  
  114  11:35  Mutalisk  
  114  12:01  Mutalisk x4  
  118  12:14  Mutalisk x2  
  118  12:20  Drone  
  118  12:22  Drone x3  
  122  12:36  Mutalisk  
  122  12:37  Mutalisk x3  
  122  12:43  Zergling x12  
  132  12:59  Mutalisk x4  
  138  13:28  Mutalisk x5  
  138  13:29  Mutalisk x2  
  138  13:32  Overlord x4  
  124  14:20  Mutalisk  
  124  14:21  Mutalisk x9  
  130  14:34  Baneling x11  
  130  14:44  Roach x9  
  148  15:28  Mutalisk x6  
  148  15:29  Mutalisk x2  
  164  15:36  Hatchery  
  164  15:37  Extractor  
  164  15:39  Extractor  
  145  15:48  Hatchery  
  145  15:49  Extractor x2  
  128  15:56  Infestation Pit  
  127  15:58  Drone  
  127  15:59  Drone x3  
  127  16:00  Drone  
  127  16:01  Drone x7  
  139  16:08  Roach x4  
Show
View Real Time Build Order
Export as new Build Order

aFFSqualeD Zerg - Winner!

Build Orders: Pool First 

Get SALT Encoding   

  12  0:00  Drone  
  13  0:09  Drone  
  14  0:16  Overlord  
  14  0:35  Drone x3  
  17  0:45  Drone  
  18  0:53  Spawning Pool  
  18  0:54  Extractor  
  18  0:56  Drone  
  17  1:15  Drone  
  18  1:21  Hatchery  
  18  1:24  Drone  
  18  1:29  Drone  
  19  1:40  Queen  
  19  1:45  Overlord  
  21  1:58  Drone  
  21  2:01  Metabolic Boost  
  22  2:03  Drone  
  23  2:13  Drone  
  24  2:30  Drone  
  24  2:33  Queen  
  24  2:34  Overlord  
  24  2:35  Drone  
  28  2:42  Roach Warren  
  27  2:45  Baneling Nest  
  27  2:49  Drone x3  
  29  2:55  Drone x2  
  29  3:06  Drone x3  
  29  3:09  Drone  
  33  3:20  Zergling x2  
  33  3:21  Zergling x4  
  36  3:29  Zergling x2  
  36  3:30  Overlord  
  36  3:33  Drone  
  38  3:37  Lair  
  38  3:38  Drone  
  39  3:41  Drone  
  39  3:42  Drone  
  39  3:44  Baneling x4  
  39  3:47  Drone  
  42  3:54  Overlord  
  42  4:03  Evolution Chamber  
  42  4:04  Evolution Chamber  
  42  4:07  Zergling x4  
  41  4:14  Zergling x2  
  41  4:15  Zergling x8  
  41  4:27  Zergling x4  
  41  4:28  Baneling x2  
  41  4:29  Drone x2  
  45  4:40  Hatchery  
  44  4:46  Zerg Missile Weapons Level 1  
  45  4:52  Drone  
  45  4:53  Drone x4  
  49  5:07  Extractor  
  49  5:08  Extractor  
  49  5:09  Extractor  
  49  5:11  Drone, Overlord x2  
  49  5:13  Drone x4  
  45  5:29  Roach x4  
  53  5:40  Roach x4  
  59  5:49  Drone x2  
  61  5:53  Roach x3  
  61  5:54  Queen  
  69  6:04  Roach  
  69  6:05  Roach x2  
  69  6:09  Drone  
  69  6:10  Overlord  
  69  6:11  Overlord  
  75  6:17  Zerg Ground Armor Level 1  
  75  6:27  Hydralisk Den  
  75  6:28  Drone x3  
  75  6:30  Drone  
  78  6:36  Drone x3  
  81  6:41  Zerg Missile Weapons Level 2  
  81  6:44  Overlord  
  81  6:47  Drone  
  81  6:50  Drone  
  81  6:53  Drone  
  84  6:57  Muscular Augments  
  84  6:59  Hydralisk  
  86  7:02  Hydralisk  
  86  7:05  Hydralisk  
  90  7:09  Hydralisk  
  90  7:12  Unknown  
  90  7:14  Hydralisk  
  94  7:19  Drone x2  
  94  7:20  Drone, Extractor  
  94  7:21  Extractor  
  95  7:24  Drone, Overlord  
  95  7:26  Hydralisk  
  98  7:42  Hydralisk  
  98  7:43  Hydralisk x4  
  108  7:46  Drone  
  108  7:50  Overlord  
  109  7:56  Drone x2  
  111  8:04  Hydralisk  
  113  8:06  Overlord x2  
  113  8:09  Drone x3  
  115  8:18  Spore Crawler  
  114  8:22  Unknown, Spore Crawler  
  114  8:23  Spore Crawler  
  114  8:26  Drone  
  114  8:27  Drone x6  
  115  8:30  Spore Crawler  
  112  8:45  Spore Crawler  
  112  8:46  Hydralisk x3  
  116  8:53  Drone x3  
  104  9:13  Roach x9  
  122  9:29  Hatchery  
  121  9:31  Drone  
  121  9:32  Drone x3  
  121  9:35  Hydralisk  
  121  9:36  Hydralisk x3  
  133  9:42  Zerg Ground Armor Level 2  
  133  10:06  Overlord x3  
  131  10:18  Lurker Den  
  131  10:19  Infestation Pit  
  130  10:25  Drone x7, Overlord x2  
  137  10:32  Spore Crawler  
  134  10:41  Drone x3  
  134  10:42  Drone  
  136  10:46  Spore Crawler  
  135  10:50  Infestation Pit  
  135  10:56  Hydralisk  
  126  10:57  Hydralisk x11  
  144  11:04  Spore Crawler  
  144  11:10  Hydralisk x2  
  136  11:14  Hydralisk x4  
  144  11:26  Infestor x4  
  151  11:38  Hydralisk  
  153  11:40  Drone x2  
  153  11:41  Drone x2  
  155  12:00  Spore Crawler x2  
  148  12:12  Drone, Spore Crawler  
  148  12:13  Drone x3  
  148  12:15  Hydralisk x2  
  147  12:18  Overlord x2  
  147  12:19  Overlord  
  151  12:31  Queen, Spore Crawler x2  
  151  12:32  Overlord  
  151  12:34  Drone  
  151  12:36  Overlord x3  
  152  12:41  Spore Crawler  
  152  12:43  Spore Crawler  
  150  12:46  Drone, Spore Crawler  
  150  12:47  Drone, Spore Crawler  
  150  12:48  Spore Crawler  
  150  12:49  Drone  
  150  12:50  Drone x3, Spore Crawler  
  152  12:52  Spore Crawler  
  145  13:00  Hydralisk  
  145  13:01  Hydralisk x4  
  155  13:08  Infestation Pit  
  155  13:11  Hydralisk x2  
  158  13:15  Queen  
  160  13:25  Spore Crawler  
  160  13:26  Spore Crawler  
  156  13:31  Hydralisk x4  
  164  13:36  Zergling x2  
  164  13:37  Zergling x8  
  164  13:39  Drone x2  
  171  13:47  Pathogen Glands  
  171  13:52  Hive  
  157  14:26  Infestor x6  
  157  14:27  Infestor x3  
  175  14:35  Overlord x4  
  175  14:36  Overlord  
  175  14:39  Extractor  
  175  14:43  Extractor  
  173  14:52  Overlord x2  
  173  14:57  Roach  
  173  14:58  Roach x8  
  190  15:13  Drone x4  
  194  15:16  Drone x5  
  199  15:31  Overseer  
  199  15:32  Overseer  
  199  15:54  Hatchery  
  198  16:19  Drone  
Tags
 
Add a new tag
Caveats
  • Supply blocks, unpowered buildings, or Contaminate may cause inaccurate times.
  • Supply counts are checked every 10 seconds.